 Dungeon Crawl Stone Soup version 0.29-a0-557-g43b9904bd1 (webtiles) character file.

Game seed: 10731209578260970483

23 bladeefan the Skirmisher (level 3, 0/33 HPs)
             Began as a Hill Orc Monk on June 8, 2022.
             Slain by a kobold
             ... wielding a +0 whip
              (2 damage)
             ... on level 1 of the Dungeon.
             The game lasted 00:01:33 (949 turns).

bladeefan the Skirmisher (Hill Orc Monk)             Turns: 949, Time: 00:01:33

Health: 0/33       AC:  3    Str: 15    XL:     3   Next: 0%
Magic:  3/3        EV: 12    Int: 10    God:
Gold:   70         SH:  0    Dex: 13    Spells: 2/2 levels left

rFire   . . .      SeeInvis .   a - +0 mace
rCold   . . .      Faith    .   (no shield)
rNeg    . . .      Spirit   .   e - +0 leather armour
rPois   .          Reflect  .   (no helmet)
rElec   .          Harm     .   (no cloak)
rCorr   .          Rampage  .   (no gloves)
Will    .....                   (no boots)
Stlth   ++........              (no amulet)
HPRegen 0.11/turn               (no ring)
MPRegen 0.08/turn               (no ring)

@: no status effects
A: no striking features
a: no special abilities


You were on level 1 of the Dungeon.
You visited 1 branch of the dungeon, and saw 1 of its levels.

You collected 70 gold pieces.

Inventory:

Hand Weapons
 a - a +0 mace (weapon)
Armour
 e - a +0 leather armour (worn)
   (You found it on level 1 of the Dungeon)
Scrolls
 b - 2 scrolls of amnesia {unknown}
 d - 2 scrolls of blinking {unknown}
Potions
 c - a potion of ambrosia


   Skills:
 + Level 3.9 Fighting
 * Level 3.8 Maces & Flails
 + Level 2.6 Dodging
 + Level 1.9 Stealth


You had 2 spell levels left.
You didn't know any spells.
Your spell library was empty.

Dungeon Overview and Level Annotations

Branches:
Dungeon (1/15)

Altars:


Message History

You hit the hobgoblin but do no damage. The bat barely misses you.
The hobgoblin hits you. The hobgoblin barely misses you.
You hit the bat. The bat hits you. The hobgoblin barely misses you.
You barely miss the hobgoblin. The bat hits you but does no damage.
The bat completely misses you. The hobgoblin closely misses you.
You hit the hobgoblin but do no damage. The bat hits you but does no damage.
The hobgoblin barely misses you.
You barely miss the hobgoblin. The bat hits you but does no damage.
The kobold hits you but does no damage.
The hobgoblin hits you but does no damage.
You hit the hobgoblin but do no damage. The bat closely misses you.
The kobold hits you but does no damage. The hobgoblin hits you.
The hobgoblin hits you but does no damage.
The kobold hits you with a +0 whip.
You hit the hobgoblin. The bat hits you but does no damage.
The kobold misses you.
You hit the hobgoblin but do no damage. You punch the hobgoblin.
The bat hits you. The kobold hits you with a +0 whip. The hobgoblin hits you.
You hit the hobgoblin.
You kill the hobgoblin!
The bat closely misses you. The bat barely misses you. The kobold misses you.
The hobgoblin closely misses you.
You have reached level 3!
Your experience leads to an increase in your attributes!
Increase (S)trength, (I)ntelligence, or (D)exterity?
You feel stronger. x2
The bat misses you. The hobgoblin misses you.
The kobold attacks as you move away! The kobold hits you but does no damage.
The hobgoblin attacks as you move away! The hobgoblin hits you.
* * * LOW HITPOINT WARNING * * *
The bat hits you.
* * * LOW HITPOINT WARNING * * *
The bat attacks as you move away! The bat hits you but does no damage. x2
You are too injured to fight recklessly!
You are too injured to fight recklessly!
You are too injured to fight recklessly!
You are too injured to fight recklessly!
The kobold barely misses you. The kobold attacks as you move away!
The kobold hits you with a +0 whip.
* * * LOW HITPOINT WARNING * * *
You barely miss the kobold. The kobold misses you.
You barely miss the kobold. The kobold hits you with a +0 whip.
* * * LOW HITPOINT WARNING * * *
The kobold hits you with a +0 whip.
* * * LOW HITPOINT WARNING * * *
You barely miss the kobold. The kobold hits you with a +0 whip.
* * * LOW HITPOINT WARNING * * *
You barely miss the kobold. Your punch misses the kobold.
The kobold hits you with a +0 whip.
You die...

#.# #..)#........ # #
##...†.##.... # ##
##....†##... # ...
#.......... # ....
##...##..... # ##
#..#######....##..... # #.
#(..†..........#...> #
####.#######.##.............
#
#.......#gK@.##.......##....
#
#........b#####.......##....
#.......### ######..##....
#..##..†# ##..##### #...#
##....## .....(..# ####...
........# #### .....#...#
..>..#...#


You could see a hobgoblin, a bat and a kobold.

Vanquished Creatures
  4 ball pythons (D:1)
  2 endoplasms (D:1)
  2 giant cockroaches (D:1)
  2 goblins (D:1)
  3 hobgoblins (D:1)
  A quokka (D:1)
  2 bats (D:1)
  4 kobolds (D:1)
  2 rats (D:1)
22 creatures vanquished.

Notes
Turn   | Place    | Note
-------+----------+-------------------------------------------
     0 | D:1      | bladeefan the Hill Orc Monk began the quest for the Orb.
     0 | D:1      | Reached XP level 1. HP: 19/19 MP: 1/1
   362 | D:1      | Reached XP level 2. HP: 24/27 MP: 2/2
   938 | D:1      | Reached XP level 3. HP: 19/33 MP: 3/3
   949 | D:1      | Slain by a kobold

Illustrated notes

Levels and vault maps discovered:
D:1:      dreamdust_arrival_beginning_and_end, layout_rooms,
          grunt_decor_resistance, st_stairs_5

Action                   || total
-------------------------++-------
Melee: Mace              ||    76
       Punch             ||     1
  Use: Scroll            ||     1
Armor: Robe              ||    11
       Leather armour    ||    26
Dodge: Dodged            ||   100

Table legend: (Time is in decaauts)
 A = Elapsed time spent in this place.
 B = Non-inter-level travel time spent in this place.
 C = Inter-level travel time spent in this place.
 D = Time resting spent in this place.
 E = Time spent auto-exploring this place.
 F = Levels seen in this place.
 G = Mean time per level.
                   A        B        C        D        E       F      G
               +--------+--------+--------+--------+--------+-----+--------+
         Total |    965 |    965 |      0 |      0 |    728 |   1 |  965.0 |
       Dungeon |    965 |    965 |      0 |      0 |    728 |   1 |  965.0 |
               +--------+--------+--------+--------+--------+-----+--------+

Top non-repeatable levels by time:
     D:1: 965 daAuts
